 Dungeon Crawl Stone Soup version 0.32-a0-876-gcfddb08e57 (webtiles) character file.

Game seed: 2468983868982726958

56 javelincjr the Ruffian (level 3, 0/35 HPs)
             Began as a Troll Gladiator on Apr 1, 2024.
             Slain by a gnoll
             ... wielding a +0 halberd
              (10 damage)
             ... on level 2 of the Dungeon.
             The game lasted 00:02:56 (988 turns).

javelincjr the Ruffian (Troll Gladiator)             Turns: 988, Time: 00:02:57

Health: 0/35       AC:  4    Str: 24    XL:     3   Next: 71%
Magic:  2/2        EV:  9    Int:  4    God:
Gold:   114        SH:  0    Dex: 11    Spells: 2/2 levels left

rFire   . . .        n - +0 dagger (drain)
rCold   . . .        (no shield)
rNeg    . . .        a - +0 robe
rPois   .            b - +0 hat
rElec   .            (no cloak)
rCorr   +            (gloves unavailable)
SInv    .            (boots unavailable)
Will    .....        (no amulet)
Stlth   +            p - ring of resist corrosion
HPRegen 1.05/turn    (no ring)
MPRegen 0.08/turn

%: no passive effects
@: no status effects
A: large, unfitting armour, claws 3, regeneration 1, shaggy fur 1, tough skin 1
a: no special abilities


You were on level 2 of the Dungeon.
You visited 1 branch of the dungeon, and saw 2 of its levels.

You collected 114 gold pieces.

Inventory:

Hand Weapons
 n - a +0 dagger of draining (weapon)
Missiles
 c - 3 throwing nets (quivered)
 d - a large rock
Armour
 a - a +0 robe (worn)
 b - a +0 hat (worn)
Jewellery
 p - a ring of resist corrosion (left claw)
Scrolls
 e - a scroll of fog {unknown}
 f - a scroll of teleportation {unknown}
 j - a scroll of amnesia {unknown}
 l - a scroll of enchant weapon {unknown}
 m - a scroll of immolation {unknown}
 q - 2 scrolls of identify {unknown}
Potions
 g - a potion of heal wounds {unknown}
 h - a potion of haste {unknown}
 i - 2 potions of berserk rage {unknown}
 k - a potion of attraction {unknown}
 o - a potion of curing {unknown}


   Skills:
 * Level 2.2 Fighting
 + Level 2.2 Throwing
 + Level 2.7 Dodging
 * Level 3.7 Unarmed Combat


You had 2 spell levels left.
You didn't know any spells.
Your spell library contained the following spells:

 Spells                   Type           Power      Damage    Failure   Level
 Summon Small Mammal      Summ           0%         N/A       50%         1
 Call Canine Familiar     Summ           0%         N/A       86%         3
 Summon Blazeheart Golem  Fire/Summ      0%         N/A       99%         4


Dungeon Overview and Level Annotations

Branches:
Dungeon (2/15)

Altars:


Innate Abilities, Weirdness & Mutations

You are too large for most types of armour.
You have claws for hands.
Your natural rate of healing is unusually fast.
You are covered in fur. (AC +1)
You have tough skin. (AC +1)


Message History

You kill the ribbon worm!
The bat hits you. The bat hits you.
Things that are here:
2 gold pieces; a ribbon worm corpse You closely miss the bat.
The bat barely misses you.
You hit the bat. You drain the bat.
You kill the bat!
Found a tubular moonstone ring.
You now have 114 gold pieces (gained 2).
You see here a ribbon worm corpse.
p - a ring of resist corrosion
p - a ring of resist corrosion (left claw)
q - a scroll labelled VOKEVA MAOCUBB No target in view!
No target in view!
No target in view!
q - 2 scrolls labelled VOKEVA MAOCUBB (gained 1) 2 gnolls come into view.
The gnoll shouts!
You hear a shout! x2
The gnoll closely misses you. 2 gnolls come into view.
The gnoll shouts! x2
You hit the gnoll but do no damage. The gnoll hits you with a +0 whip.
The gnoll hits you with a +0 spear.
You barely miss the gnoll. The gnoll closely misses you.
The gnoll hits you with a +0 spear.
The gnoll hits you from afar with a +0 spear!
The gnoll attacks as it pursues you! The gnoll hits you but does no damage.
You barely miss the gnoll. The gnoll hits you with a +0 halberd.
The gnoll closely misses you. The gnoll hits you with a +0 whip.
You barely miss the gnoll. The gnoll hits you with a +0 halberd.
The gnoll hits you from afar with a +0 spear.
You barely miss the gnoll. The gnoll hits you but does no damage.
The gnoll hits you from afar with a +0 spear.
The gnoll hits you with a +0 whip.
* * * LOW HITPOINT WARNING * * *
The gnoll hits you from afar with a +0 halberd!
You die...

#######
.......
.......
####g......
#.. .......
##g##.......
#.g.gg......
#.@##.......
#..# ######.
#..######
#.......#
#.#####.# #.#
#.# #.# #.#
#.# ##.## #
#.####...##.#


You could see 4 gnolls.

Vanquished Creatures
  An adder (D:2)
  A ribbon worm (D:2)
  4 ball pythons
  6 endoplasms
  5 goblins
  5 hobgoblins
  2 quokkas
  5 bats
  5 frilled lizards
  5 kobolds
  4 rats
43 creatures vanquished.

Notes
Turn   | Place    | Note
-------+----------+-------------------------------------------
     0 | D:1      | javelincjr the Troll Gladiator began the quest for the Orb.
     0 | D:1      | Reached XP level 1. HP: 19/19 MP: 0/0
   121 | D:1      | Reached XP level 2. HP: 16/28 MP: 1/1
   695 | D:2      | Reached XP level 3. HP: 35/35 MP: 2/2
   740 | D:2      | Got the Almanac of Command
   988 | D:2      | Slain by a gnoll

Illustrated notes

Levels and vault maps discovered:
D:1:      tarquinn_simple_flora_water_c, layout_loops_ring
D:2:      layout_loops_ring, grunt_ministairs_3

Skill      XL: |  1  2 |
---------------+-------+-----
Throwing       | 2 |  2.2
Fighting       | 2 |  2.2
Dodging        | |  2.7
Unarmed Combat | |  3.7

Action                     || total
---------------------------++-------
  Melee: Unarmed           ||    66
         Punch             ||     1
         Dagger            ||    50
 Armour: Robe              ||    87
  Dodge: Dodged            ||    59

Table legend: (Time is in decaauts)
 A = Elapsed time spent in this place.
 B = Non-inter-level travel time spent in this place.
 C = Inter-level travel time spent in this place.
 D = Time resting spent in this place.
 E = Time spent auto-exploring this place.
 F = Levels seen in this place.
 G = Mean time per level.
                   A        B        C        D        E       F      G
               +--------+--------+--------+--------+--------+-----+--------+
         Total |    983 |    972 |     11 |      2 |    713 |   2 |  491.5 |
       Dungeon |    983 |    972 |     11 |      2 |    713 |   2 |  491.5 |
               +--------+--------+--------+--------+--------+-----+--------+

Top non-repeatable levels by time:
     D:1: 680 daAuts
     D:2: 303 daAuts
